NCAA
PURDUE BOILERMAKERS @ KENTUCKY WILDCATS
05/16/2028
 
TOP OF THE 1ST
Purdue Boilermakers batting - Pitching for Kentucky Wildcats : RHP Kevin García
Pitching: RHP Kevin García
Batting: LHB Joe Kent 0-0: Ball
1-0: Called Strike
1-1: Foul Ball, location: 2F
1-2: Ball
2-2: Ball
3-2: Foul Ball, location: 2F
3-2: Base on Balls
Batting: SHB Bryan Atkins 0-0: Ball
1-0: Foul Ball, location: 2F
1-1: Fly out, F4 (Line Drive, 4)
Batting: RHB Jorge Molina 0-0: Ball
1-0: Ball
2-0: Grounds into double play, 6-4-3 (Groundball, 6)
Top of the 1st over - 0 run(s), 0 hit(s), 0 error(s), 0 left on base; Purdue 0 - Kentucky 0
BOTTOM OF THE 1ST
Kentucky Wildcats batting - Pitching for Purdue Boilermakers : RHP Joel Ortega
Pitching: RHP Joel Ortega
Batting: RHB Lewis Childress 0-0: Foul Ball, location: 2F
0-1: Ground out 1-3 (Groundball, P)
Batting: SHB Eduardo Luna 0-0: Foul Ball, location: 2F
0-1: Ball
1-1: Ball
2-1: Swinging Strike
2-2: Foul Ball, location: 2F
2-2: Foul Ball, location: 2F
2-2: Ground out 4-3 (Groundball, 4)
Batting: LHB Mark Sanders 0-0: Ground out 6-3 (Groundball, 56)
Bottom of the 1st over - 0 run(s), 0 hit(s), 0 error(s), 0 left on base; Purdue 0 - Kentucky 0
TOP OF THE 2ND
Purdue Boilermakers batting - Pitching for Kentucky Wildcats : RHP Kevin García
Batting: RHB Rafael Castro 0-0: Ball
1-0: Called Strike
1-1: Ball
2-1: SOLO HOME RUN (Flyball, 7LD), Distance : 339 ft
Batting: RHB Bill Gilmore 0-0: Called Strike
0-1: Foul Ball, location: 2F
0-2: Ball
1-2: Strikes out swinging
Batting: RHB Enrique Benítez 0-0: Called Strike
0-1: Swinging Strike
0-2: Strikes out swinging
Batting: RHB Jeff Richardson 0-0: Ball
1-0: Fly out, F8 (Flyball, 8RM)
Top of the 2nd over - 1 run(s), 1 hit(s), 0 error(s), 0 left on base; Purdue 1 - Kentucky 0
BOTTOM OF THE 2ND
Kentucky Wildcats batting - Pitching for Purdue Boilermakers : RHP Joel Ortega
Batting: RHB Pat Johnston 0-0: Called Strike
0-1: Ball
1-1: SINGLE (Line Drive, 56D)
Batting: LHB Caden Cleveland 0-0: Foul Ball, location: 2F
0-1: Called Strike
0-2: SINGLE (Line Drive, 4)
Pat Johnston to second
Batting: RHB Haywood Young 0-0: Ball
1-0: Called Strike
1-1: Ball
2-1: Foul Ball, location: 2F
2-2: Ball
3-2: Foul Ball, location: 2F
3-2: Foul Ball, location: 2F
3-2: Strikes out swinging
Batting: LHB Matt Taylor 0-0: Foul Ball, location: 2F
0-1: Ball
1-1: Ball
Pat Johnston steals 3rd base
Caden Cleveland to second
2-1: Foul Ball, location: 2F
2-2: Ball
3-2: Strikes out swinging
Batting: SHB Russ Beasley 0-0: Called Strike
0-1: Ball
1-1: Called Strike
1-2: Ball
2-2: Strikes out swinging
Bottom of the 2nd over - 0 run(s), 2 hit(s), 0 error(s), 2 left on base; Purdue 1 - Kentucky 0
TOP OF THE 3RD
Purdue Boilermakers batting - Pitching for Kentucky Wildcats : RHP Kevin García
Batting: RHB Bruce Adams 0-0: Ball
1-0: Ball
2-0: SINGLE (Flyball, 8RS)
Batting: RHB Mark Jackson 0-0: Ball
1-0: Ball
2-0: Ball
3-0: Called Strike
3-1: Base on Balls
Bruce Adams to second
Batting: LHB Joe Kent 0-0: Ball
1-0: SINGLE (Line Drive, 6D)
Bruce Adams to third
Mark Jackson to second
Batting: SHB Bryan Atkins 0-0: Foul Ball, location: 2F
0-1: DOUBLE (Line Drive, 78D)
Bruce Adams scores
Mark Jackson scores
Joe Kent to third
Batting: RHB Jorge Molina 0-0: Called Strike
0-1: Ground out 6-3 (Groundball, 56)
Joe Kent scores
Batting: RHB Rafael Castro 0-0: Ball
1-0: Ball
2-0: Called Strike
2-1: Ball
3-1: TRIPLE (Flyball, 89D)
Bryan Atkins scores
Batting: RHB Bill Gilmore 0-0: Fly out, F8 (Flyball, 8RM)
Runner from 3rd tags up, SCORES, no throw
Batting: RHB Enrique Benítez 0-0: Called Strike
0-1: SINGLE (Line Drive, 4MD)
Batting: RHB Jeff Richardson 0-0: Ball
1-0: Ground out U3 (Groundball, 34S)
Top of the 3rd over - 5 run(s), 5 hit(s), 0 error(s), 1 left on base; Purdue 6 - Kentucky 0
BOTTOM OF THE 3RD
Kentucky Wildcats batting - Pitching for Purdue Boilermakers : RHP Joel Ortega
Batting: RHB Johnny Carson 0-0: Ball
1-0: Swinging Strike
1-1: Ball
2-1: Swinging Strike
2-2: Foul Ball, location: 2F
2-2: Strikes out swinging
Batting: RHB Lewis Childress 0-0: Called Strike
0-1: Ball
1-1: Ball
2-1: Foul Ball, location: 2F
2-2: Ground out 5-3 (Groundball, 56S)
Batting: SHB Eduardo Luna 0-0: Ball
1-0: Called Strike
1-1: Called Strike
1-2: Foul Ball, location: 2F
1-2: Strikes out swinging
Bottom of the 3rd over - 0 run(s), 0 hit(s), 0 error(s), 0 left on base; Purdue 6 - Kentucky 0
TOP OF THE 4TH
Purdue Boilermakers batting - Pitching for Kentucky Wildcats : RHP Kevin García
Batting: RHB Bruce Adams 0-0: Ball
1-0: Ball
2-0: Ball
3-0: Called Strike
3-1: Foul Ball, location: 2F
3-2: Base on Balls
Batting: RHB Mark Jackson 0-0: Ball
1-0: SINGLE (Flyball, 7LM)
Bruce Adams to second
Pitching: RHP Harold Mullen
Batting: LHB Joe Kent 0-0: Swinging Strike
0-1: Foul Ball, location: 2F
0-2: Ball
1-2: Strikes out swinging
Batting: SHB Bryan Atkins 0-0: Called Strike
0-1: Foul Ball, location: 2F
0-2: Strikes out swinging
Batting: RHB Jorge Molina 0-0: Swinging Strike
0-1: Called Strike
0-2: Ball
1-2: SINGLE (Groundball, 4MD)
Bruce Adams to third
Mark Jackson to second
Runner from 3rd tries for Home, SAFE, no throw
Batting: RHB Rafael Castro 0-0: Single, Error in OF, E7, batter to second base
Mark Jackson scores
Jorge Molina to third
Batting: RHB Bill Gilmore 0-0: Ball
1-0: Ball
2-0: Ground out 1-3 (Groundball, 15)
Top of the 4th over - 2 run(s), 3 hit(s), 1 error(s), 2 left on base; Purdue 8 - Kentucky 0
BOTTOM OF THE 4TH
Kentucky Wildcats batting - Pitching for Purdue Boilermakers : RHP Joel Ortega
Batting: LHB Mark Sanders 0-0: Ball
1-0: Ball
2-0: Foul Ball, location: 2F
2-1: Swinging Strike
2-2: Strikes out swinging
Batting: RHB Pat Johnston 0-0: Ball
1-0: Ground out 6-3 (Groundball, 6)
Batting: LHB Caden Cleveland 0-0: Ball
1-0: Called Strike
1-1: Ground out 4-3 (Groundball, 4)
Bottom of the 4th over - 0 run(s), 0 hit(s), 0 error(s), 0 left on base; Purdue 8 - Kentucky 0
TOP OF THE 5TH
Purdue Boilermakers batting - Pitching for Kentucky Wildcats : RHP Harold Mullen
Batting: RHB Enrique Benítez 0-0: DOUBLE (Flyball, 8LD)
Batting: RHB Jeff Richardson 0-0: Called Strike
0-1: SINGLE (Groundball, 2R) (infield hit)
Enrique Benítez to third
Batting: RHB Bruce Adams 0-0: Fly out, F8 (Line Drive, 8LM)
Runner from 3rd tags up, SCORES, throw made
Batting: RHB Mark Jackson 0-0: Grounds into double play, 4-6-3 (Groundball, 34)
Top of the 5th over - 1 run(s), 2 hit(s), 0 error(s), 0 left on base; Purdue 9 - Kentucky 0
BOTTOM OF THE 5TH
Kentucky Wildcats batting - Pitching for Purdue Boilermakers : RHP Joel Ortega
Batting: RHB Haywood Young 0-0: Ball
1-0: Foul Ball, location: 2F
1-1: Ground out 5-3 (Groundball, 56S)
Batting: LHB Matt Taylor 0-0: Called Strike
0-1: Ball
1-1: Foul Ball, location: 2F
1-2: Ball
2-2: Ball
3-2: Base on Balls
Batting: SHB Russ Beasley 0-0: Swinging Strike
0-1: Ball
Matt Taylor is caught stealing 2nd base
1-1: Ground out 6-3 (Groundball, 6)
Bottom of the 5th over - 0 run(s), 0 hit(s), 0 error(s), 0 left on base; Purdue 9 - Kentucky 0
TOP OF THE 6TH
Purdue Boilermakers batting - Pitching for Kentucky Wildcats : RHP Harold Mullen
Batting: LHB Joe Kent 0-0: Called Strike
0-1: Ball
1-1: SINGLE (Line Drive, 89M)
Batting: SHB Bryan Atkins 0-0: SINGLE (Line Drive, 56)
Joe Kent to second
Batting: RHB Jorge Molina 0-0: Ball
1-0: Ball
2-0: Fly out, F9 (Flyball, 89S)
Batting: RHB Rafael Castro 0-0: Ball
1-0: Called Strike
1-1: Swinging Strike
1-2: Ball
2-2: Fly out, F2 (Popup, 3S)
Batting: RHB Bill Gilmore 0-0: Foul Ball, location: 2F
0-1: Foul Ball, location: 2F
0-2: Fly out, F6 (Popup, 6MD)
Top of the 6th over - 0 run(s), 2 hit(s), 0 error(s), 2 left on base; Purdue 9 - Kentucky 0
BOTTOM OF THE 6TH
Kentucky Wildcats batting - Pitching for Purdue Boilermakers : RHP Joel Ortega
Batting: RHB Johnny Carson 0-0: TRIPLE (Flyball, 89D)
Batting: RHB Lewis Childress 0-0: Ball
1-0: Ball
2-0: Ball
3-0: Base on Balls
Batting: SHB Eduardo Luna 0-0: Ball
1-0: Ball
Throwing error on steal attempt, E2
Johnny Carson scores
Lewis Childress to third
2-0: Called Strike
2-1: SINGLE (Line Drive, 8LS)
Lewis Childress scores
Pitching: LHP Christian Rousseau
Batting: LHB Mark Sanders 0-0: Ball
1-0: SINGLE (Groundball, 56D)
Eduardo Luna to second
Batting: RHB Pat Johnston 0-0: Called Strike
0-1: Ball
1-1: Called Strike
1-2: Strikes out swinging
Batting: LHB Caden Cleveland 0-0: Foul Ball, location: 2F
0-1: Ball
1-1: Ball
2-1: Ball
3-1: Base on Balls
Eduardo Luna to third
Mark Sanders to second
Batting: RHB Haywood Young 0-0: Foul Ball, location: 2F
0-1: Ball
1-1: Foul Ball, location: 2F
1-2: Strikes out swinging
Batting: LHB Matt Taylor 0-0: Called Strike
0-1: Foul Ball, location: 2F
0-2: Ball
1-2: Ball
2-2: Foul Ball, location: 2F
2-2: Ball
3-2: Foul Ball, location: 2F
3-2: Foul Ball, location: 2F
3-2: Base on Balls
Eduardo Luna scores
Mark Sanders to third
Caden Cleveland to second
Batting: SHB Russ Beasley 0-0: Fly out, F9 (Flyball, 9S)
Bottom of the 6th over - 3 run(s), 3 hit(s), 1 error(s), 3 left on base; Purdue 9 - Kentucky 3
TOP OF THE 7TH
Purdue Boilermakers batting - Pitching for Kentucky Wildcats : RHP Harold Mullen
Batting: RHB Enrique Benítez 0-0: Ball
1-0: Ball
2-0: Swinging Strike
2-1: Ball
3-1: Base on Balls
Batting: RHB Jeff Richardson 0-0: Fly out, F7 (Flyball, 78S)
Batting: RHB Bruce Adams 0-0: Ball
1-0: Swinging Strike
1-1: Called Strike
1-2: Ball
2-2: Ball
3-2: Foul Ball, location: 2F
3-2: Base on Balls
Enrique Benítez to second
Batting: RHB Mark Jackson 0-0: Called Strike
0-1: 3-RUN HOME RUN (Flyball, 7LD), Distance : 328 ft
Pitching: RHP Mauro Guerrero
Batting: LHB Joe Kent 0-0: Called Strike
0-1: Ball
1-1: Ball
2-1: Ball
3-1: Base on Balls
Batting: SHB Bryan Atkins 0-0: Called Strike
Joe Kent is caught stealing 2nd base
0-1: Fly out, F7 (Flyball, 78S)
Top of the 7th over - 3 run(s), 1 hit(s), 0 error(s), 0 left on base; Purdue 12 - Kentucky 3
BOTTOM OF THE 7TH
Kentucky Wildcats batting - Pitching for Purdue Boilermakers : LHP Christian Rousseau
Batting: RHB Johnny Carson 0-0: Called Strike
0-1: Foul Ball, location: 2F
0-2: Strikes out swinging
Batting: RHB Lewis Childress 0-0: Fly out, F7 (Flyball, 78M)
Batting: SHB Eduardo Luna 0-0: Called Strike
0-1: Ball
1-1: Foul Ball, location: 2F
1-2: Foul Ball, location: 2F
1-2: Foul Ball, location: 2F
1-2: Ball
2-2: Ball
3-2: SINGLE (Groundball, 6MD)
Batting: LHB Mark Sanders 0-0: Ball
1-0: Ball
2-0: Foul Ball, location: 2F
2-1: Called Strike
2-2: Fielders Choice at 2nd, 4-6 (Groundball, 4)
Bottom of the 7th over - 0 run(s), 1 hit(s), 0 error(s), 0 left on base; Purdue 12 - Kentucky 3
TOP OF THE 8TH
Purdue Boilermakers batting - Pitching for Kentucky Wildcats : RHP Mauro Guerrero
Batting: RHB Jorge Molina 0-0: Called Strike
0-1: Foul Ball, location: 2F
0-2: Strikes out looking
Batting: RHB Rafael Castro 0-0: Ball
1-0: Foul Ball, location: 2F
1-1: Ball
2-1: Called Strike
2-2: Strikes out swinging
Batting: RHB Bill Gilmore 0-0: Ball
1-0: Swinging Strike
1-1: Foul Ball, location: 2F
1-2: Foul Ball, location: 2F
1-2: Ball
2-2: Ball
3-2: SINGLE (Groundball, 6MD)
Batting: RHB Enrique Benítez 0-0: Called Strike
0-1: Fly out, F9 (Flyball, 9S)
Top of the 8th over - 0 run(s), 1 hit(s), 0 error(s), 1 left on base; Purdue 12 - Kentucky 3
BOTTOM OF THE 8TH
Kentucky Wildcats batting - Pitching for Purdue Boilermakers : LHP Christian Rousseau
Pitching: RHP Jonathan Clark
Now at C: Javier Moreno
Now at 1B: Carl Carver
Batting: RHB Pat Johnston 0-0: Ball
1-0: Ball
2-0: Ball
3-0: Called Strike
3-1: Base on Balls
Batting: LHB Caden Cleveland 0-0: Foul Ball, location: 2F
0-1: Ball
1-1: Fly out, F9 (Flyball, 89XD)
Runner from 1st tags up, SAFE at 2nd
Batting: RHB Haywood Young 0-0: Called Strike
0-1: Swinging Strike
0-2: Ball
1-2: Strikes out swinging
Batting: LHB Matt Taylor 0-0: Ball
1-0: Ground out 4-3 (Groundball, 34)
Bottom of the 8th over - 0 run(s), 0 hit(s), 0 error(s), 1 left on base; Purdue 12 - Kentucky 3
TOP OF THE 9TH
Purdue Boilermakers batting - Pitching for Kentucky Wildcats : RHP Mauro Guerrero
Batting: RHB Jeff Richardson 0-0: Ball
1-0: Foul Ball, location: 2F
1-1: Swinging Strike
1-2: SOLO HOME RUN (Flyball, 8RXD) (Inside the Park)
Batting: RHB Bruce Adams 0-0: Ball
1-0: Called Strike
1-1: Ground out 3-1 (Groundball, 34)
Batting: RHB Mark Jackson 0-0: Swinging Strike
0-1: Ball
1-1: Ball
2-1: Ball
3-1: Called Strike
3-2: Foul Ball, location: 2F
3-2: Base on Balls
Batting: LHB Joe Kent 0-0: Swinging Strike
0-1: Ball
1-1: 2-RUN HOME RUN (Flyball, 9D), Distance : 360 ft
Pitching: RHP Jeffrey Cochran
Batting: SHB Bryan Atkins 0-0: Called Strike
0-1: Foul Ball, location: 2F
0-2: Ball
1-2: Foul Ball, location: 2F
1-2: Strikes out swinging
Batting: SHB Carl Carver 0-0: Called Strike
0-1: Swinging Strike
0-2: Ball
1-2: Foul Ball, location: 2F
1-2: Ball
2-2: Strikes out swinging
Top of the 9th over - 3 run(s), 2 hit(s), 0 error(s), 0 left on base; Purdue 15 - Kentucky 3
BOTTOM OF THE 9TH
Kentucky Wildcats batting - Pitching for Purdue Boilermakers : RHP Jonathan Clark
Batting: SHB Russ Beasley 0-0: Ball
1-0: Called Strike
1-1: Fly out, F6 (Popup, 6M)
Batting: RHB Johnny Carson 0-0: Ball
1-0: Ground out 6-3 (Groundball, 6)
Batting: RHB Lewis Childress 0-0: Ball
1-0: SINGLE (Line Drive, 56D)
Batting: SHB Eduardo Luna 0-0: SINGLE (Groundball, 4MD)
Lewis Childress to second
Runner from 2nd tries for 3rd, SAFE, throw made to third
Batting: LHB Mark Sanders 0-0: SINGLE (Groundball, 34S) (infield hit)
Lewis Childress scores
Eduardo Luna to second
Pinch Hitting: SHB Steve Shaw 0-0: Foul Ball, location: 2F
0-1: Fly out, F9 (Line Drive, 9)
Bottom of the 9th over - 1 run(s), 3 hit(s), 0 error(s), 2 left on base; Purdue 15 - Kentucky 4
Tuesday, August 8th, 2017 - OOTP Baseball 17.12 Build 75